 Dungeon Crawl Stone Soup version 0.27.1-1-g398f81649c (webtiles) character file.

Game seed: 1459919033281261382

2256 MisterFreud the Shield-Bearer (level 9, -8/74 HPs)
             Began as a Gnoll Fighter on Sept 9, 2021.
             Was an Elder of Elyvilon.
             Mangled by a cyclops (29 damage)
             ... on level 7 of the Dungeon.
             The game lasted 00:08:24 (6410 turns).

MisterFreud the Shield-Bearer (Gnoll Fighter)       Turns: 6410, Time: 00:08:24

Health: -8/74      AC: 12    Str: 15    XL:     9   Next: 37%
Magic:  15/15      EV:  9    Int: 11    God:    Elyvilon [****..]
Gold:   337        SH: 11    Dex: 15    Spells: 16/16 levels left

rFire    . . .     SeeInvis .   y - +8 dagger of Interdependent Arising {vorpal, Fly Dex+3 Stlth-}
rCold    . . .     Faith    .   c - +0 kite shield
rNeg     . . .     Spirit   .   b - +0 scale mail
rPois    .         Reflect  .   q - +0 helmet
rElec    .         Harm     .   E - +0 cloak
rCorr    .         Rampage  .   p - +0 pair of gloves
Will     .....                  (no boots)
Stlth    ..........             B - amulet of regeneration
HPRegen  1.22/turn              (no ring)
MPRegen  0.14/turn              (no ring)

@: flying
A: fangs 1, strong nose, distributed training
a: Renounce Religion, Lesser Healing, Heal Other, Purification, Greater Healing,
Divine Protection


You were on level 7 of the Dungeon.
You worshipped Elyvilon.
Elyvilon was greatly pleased with you.
You visited 1 branch of the dungeon, and saw 7 of its levels.

You collected 337 gold pieces.

Inventory:

Hand Weapons
 a - a +0 rapier
 j - a +2 dagger of speed
 y - the +8 dagger of Interdependent Arising (weapon) {vorpal, Fly Dex+3 Stlth-}
   (You found it on level 5 of the Dungeon)

   It inflicts extra damage upon your enemies.
   Dex:       It affects your dexterity (+3).
   Fly:       It grants you flight.
   Stlth:     It makes you less stealthy.
Missiles
 f - 55 poisoned darts (quivered)
 w - 4 boomerangs
 x - 8 javelins
Armour
 b - a +0 scale mail (worn)
 c - a +0 kite shield (worn)
 p - a +0 pair of gloves (worn)
 q - a +0 helmet (worn)
 E - a +0 cloak (worn)
Jewellery
 e - a ring of ice
 B - an amulet of regeneration (around neck)
Wands
 u - a wand of polymorph (8)
Scrolls
 g - 3 scrolls of identify
 i - a scroll of enchant weapon {unknown}
 l - 2 scrolls of fog {unknown}
 n - a scroll of noise {unknown}
 r - 6 scrolls of teleportation {unknown}
 s - a scroll of summoning {unknown}
 A - a scroll of acquirement {unknown}
 D - a scroll of immolation {unknown}
 F - 2 scrolls of amnesia {unknown}
Potions
 d - a potion of lignification {unknown}
 h - 2 potions of haste {unknown}
 k - 4 potions of attraction
 m - 4 potions of curing
 o - 2 potions of ambrosia {unknown}
 t - a potion of cancellation {unknown}
 v - 2 potions of brilliance
 z - 2 potions of heal wounds {unknown}
 C - a potion of berserk rage {unknown}


   Skills:
 + Level 7.8 Fighting
 + Level 6.3 Short Blades
 + Level 4.2 Long Blades
 + Level 4.2 Axes
 + Level 4.2 Maces & Flails
 + Level 4.2 Polearms
 + Level 4.2 Staves
 + Level 4.2 Slings
 + Level 4.2 Bows
 + Level 4.2 Crossbows
 + Level 4.2 Throwing
 + Level 7.8 Armour
 + Level 4.2 Dodging
 + Level 4.2 Stealth
 + Level 7.8 Shields
 + Level 4.2 Unarmed Combat
 + Level 4.2 Spellcasting
 + Level 3.4 Conjurations
 + Level 3.4 Hexes
 + Level 3.4 Summonings
 + Level 3.4 Necromancy
 + Level 3.4 Translocations
 + Level 3.4 Transmutations
 + Level 3.4 Fire Magic
 + Level 3.4 Ice Magic
 + Level 3.4 Air Magic
 + Level 3.4 Earth Magic
 + Level 3.4 Poison Magic
 + Level 4.6 Invocations
 + Level 4.2 Evocations


You had 16 spell levels left.
You didn't know any spells.
Your spell library contained the following spells:

 Spells                   Type           Power      Damage    Failure   Level
 Sublimation of Blood     Necr           4%         N/A       56%         2
 Wereblood                Tmut           9%         N/A       56%         2
 Gell's Gravitas          Tloc           4%         N/A       80%         3
 Teleport Other           Tloc           9%         N/A       80%         3
 Dispersal                Tloc           4%         N/A       100%        6
 Summon Hydra             Summ           4%         N/A       100%        7


Dungeon Overview and Level Annotations

Branches:
Dungeon (7/15)             Temple (0/1) D:6

Altars:
Elyvilon
Hepliaklqana
Makhleb
Trog
The Shining One

Shops:
D:5 :==


Innate Abilities, Weirdness & Mutations

You have very sharp teeth.
Your uncanny sense of smell can sniff out nearby items.
Your experience applies equally to all skills.


Message History

You destroy the wyvern skeleton!
You see here a +0 chain mail.
You see here a +0 morningstar.
HP restored.
You pick up a book of Blood and begin reading...
You add the spells Sublimation of Blood, Wereblood and Summon Hydra to your library.
r - 6 scrolls labelled UMADIGIMOA (gained 1)
Things that are here:
a +0 falchion; a +0 leather armour You see here a +0 morningstar.
A cyclops comes into view.
Found a potion of curing.
A cyclops is nearby!
Found a stone staircase leading up.
The cyclops throws a large rock.
You block the large rock.
You hit the cyclops.
The cyclops is lightly wounded.
The cyclops hits you!
You hit the cyclops but do no damage.
The cyclops is lightly wounded.
The cyclops hits you!!
You are too injured to fight recklessly!
You are too injured to fight recklessly!
You puncture the cyclops!
The cyclops is moderately wounded.
You hit the cyclops.
The cyclops is heavily wounded.
The cyclops completely misses you.
You barely miss the cyclops.
The cyclops is heavily wounded.
You hit the cyclops.
The cyclops is heavily wounded.
The cyclops hits you!!
* * * LOW HITPOINT WARNING * * *
You hit the cyclops.
The cyclops is heavily wounded.
You hit the cyclops but do no damage.
The cyclops is heavily wounded.
The cyclops hits you!!
You die...

#..........#
..........#
..##.........#
..#..........#
.<........!..##
#...........# .#
#....C......##. ..
#.#....@...........
#..............##.###
####.....!...#.......
###.........$....#
#..........##...#
####..[)......#
#....[.....#.... .#
....#....)...# .##.##
#####...)....###
......


You could see a cyclops.

Vanquished Creatures
  A gargoyle (D:7)
  Sigmund (D:4)
  Eustachio (D:4)
  Duvessa (D:4)
  An ice beast (D:7)
  A sky beast (D:6)
  A necrophage (D:4)
  An ogre (D:4)
  A centaur (D:6)
  A kobold brigand (D:6)
  3 scorpions
  Dowan (D:4)
  A wyvern skeleton (D:7)
  A howler monkey (D:6)
  A bullfrog zombie (D:6)
  2 hounds
  2 jellies
  A gnoll shaman (D:5)
  2 centaur skeletons (D:5)
  2 orc priests
  A bullfrog skeleton (D:6)
  2 iguanas
  5 orc wizards
  A howler monkey skeleton (D:4)
  3 gnolls (D:5)
  4 adders
  A white imp (D:5)
  2 ufetubi
  An adder skeleton (D:4)
  2 worms
  6 dart slugs
  28 orcs
  10 endoplasms
  3 giant cockroaches
  6 goblins
  2 hobgoblins (D:2)
  2 quokkas
  10 ball pythons
  3 bats
  3 frilled lizards
  14 kobolds
  3 rats
138 creatures vanquished.

Vanquished Creatures (others)
  A kobold (D:3)
1 creature vanquished.

Grand Total: 139 creatures vanquished

Notes
Turn   | Place    | Note
-------+----------+-------------------------------------------
     0 | D:1      | MisterFreud the Gnoll Fighter began the quest for the Orb.
     0 | D:1      | Reached XP level 1. HP: 23/23 MP: 1/1
    59 | D:1      | Reached XP level 2. HP: 26/29 MP: 2/2
   168 | D:1      | Found a faded altar of an unknown god.
   170 | D:1      | Noticed a great orb of eyes
   180 | D:1      | Noticed a shining eye
   183 | D:1      | Noticed a great orb of eyes
   183 | D:1      | Noticed a shining eye
   190 | D:1      | Became a worshipper of Elyvilon the Healer
   190 | D:1      | Reached * piety under Elyvilon
   818 | D:1      | Reached XP level 3. HP: 35/35 MP: 3/3
   940 | D:2      | Reached ** piety under Elyvilon
  1229 | D:2      | Reached skill level 1 in Invocations
  1338 | D:2      | Reached skill level 1 in Long Blades
  1338 | D:2      | Reached skill level 1 in Axes
  1338 | D:2      | Reached skill level 1 in Maces & Flails
  1338 | D:2      | Reached skill level 1 in Polearms
  1338 | D:2      | Reached skill level 1 in Staves
  1338 | D:2      | Reached skill level 1 in Slings
  1338 | D:2      | Reached skill level 1 in Bows
  1338 | D:2      | Reached skill level 1 in Crossbows
  1338 | D:2      | Reached skill level 1 in Throwing
  1338 | D:2      | Reached skill level 1 in Dodging
  1338 | D:2      | Reached skill level 1 in Stealth
  1338 | D:2      | Reached skill level 1 in Unarmed Combat
  1338 | D:2      | Reached skill level 1 in Spellcasting
  1338 | D:2      | Reached skill level 1 in Evocations
  1440 | D:2      | Reached XP level 4. HP: 31/41 MP: 5/5
  1681 | D:2      | Reached skill level 1 in Conjurations
  1681 | D:2      | Reached skill level 1 in Hexes
  1681 | D:2      | Reached skill level 1 in Summonings
  1681 | D:2      | Reached skill level 1 in Necromancy
  1681 | D:2      | Reached skill level 1 in Translocations
  1681 | D:2      | Reached skill level 1 in Transmutations
  1681 | D:2      | Reached skill level 1 in Fire Magic
  1681 | D:2      | Reached skill level 1 in Ice Magic
  1681 | D:2      | Reached skill level 1 in Air Magic
  1681 | D:2      | Reached skill level 1 in Earth Magic
  1681 | D:2      | Reached skill level 1 in Poison Magic
  2033 | D:3      | Reached XP level 5. HP: 46/47 MP: 6/6
  2070 | D:3      | Reached *** piety under Elyvilon
  2132 | D:3      | Found a white marble altar of Elyvilon.
  2261 | D:3      | Found a burning altar of Makhleb.
  2280 | D:3      | Found a bloodstained altar of Trog.
  2285 | D:3      | Found a glowing golden altar of the Shining One.
  2431 | D:4      | Reached XP level 6. HP: 32/53 MP: 8/8
  2512 | D:3      | Reached skill level 5 in Short Blades
  3106 | D:4      | Reached XP level 7. HP: 52/59 MP: 10/10
  3175 | D:4      | Noticed Eustachio
  3264 | D:4      | Killed Eustachio
  3858 | D:4      | Noticed Sigmund
  3869 | D:4      | Killed Sigmund
  3870 | D:4      | Reached XP level 8. HP: 40/67 MP: 5/12
  4020 | D:4      | Noticed Duvessa
  4020 | D:4      | Noticed Dowan
  4043 | D:5      | Entered Level 5 of the Dungeon
  4054 | D:4      | Killed Duvessa
  4070 | D:4      | Killed Dowan
  4465 | D:5      | Found Inugem's Antique Weapon Boutique.
  4800 | D:5      | Identified the +8 dagger of Interdependent Arising {vorpal,
                  | Fly Dex+3 Stlth-}
  4801 | D:5      | Reached **** piety under Elyvilon
  4941 | D:5      | Found Vauseet's Jewellery Shop.
  5250 | D:5      | Found Soqatuw's Jewellery Shop.
  5310 | D:5      | Found Ehyredu's Book Emporium.
  5552 | D:6      | Reached XP level 9. HP: 72/72 MP: 14/14
  5674 | D:6      | Found a staircase to the Ecumenical Temple.
  5763 | D:6      | Found a hazy altar of Hepliaklqana.
  6321 | D:7      | Noticed a gargoyle
  6353 | D:7      | Killed a gargoyle
  6398 | D:7      | Noticed a cyclops
  6410 | D:7      | Mangled by a cyclops

Illustrated notes

Levels and vault maps discovered:
D:1:      lightli_arrival_statuegarden, layout_basic,
          hellmonk_ecumenical_altar_watching_god
D:2:      layout_basic
D:3:      layout_rooms, elyvilon_altar_4, minitemple
D:4:      layout_cave_pods, uniq_eustachio, uniq_sigmund, uniq_duvessa
D:5:      layout_loops_ring, serial_shops, kennysheep_mini_moat, shop, shop,
          nicolae_lakefront_shop
D:6:      layout_basic, nicolae_overflow_hidden_temple,
          minmay_temple_entry_antechambers
D:7:      minmay_skewed_foursquare, layout_rooms

Skill      XL: |  1  2  3  4  5  6  7  8  9 |
---------------+----------------------------+-----
Invocations    | 1 2 3 4 |  4.6
Long Blades    | 1 2 3 4 |  4.2
Axes           | 1 2 3 4 |  4.2
Maces & Flails | 1 2 3 4 |  4.2
Polearms       | 1 2 3 4 |  4.2
Staves         | 1 2 3 4 |  4.2
Slings         | 1 2 3 4 |  4.2
Bows           | 1 2 3 4 |  4.2
Crossbows      | 1 2 3 4 |  4.2
Throwing       | 1 2 3 4 |  4.2
Dodging        | 1 2 3 4 |  4.2
Stealth        | 1 2 3 4 |  4.2
Unarmed Combat | 1 2 3 4 |  4.2
Spellcasting   | 1 2 3 4 |  4.2
Evocations     | 1 2 3 4 |  4.2
Conjurations   | 1 2 3 |  3.4
Hexes          | 1 2 3 |  3.4
Summonings     | 1 2 3 |  3.4
Necromancy     | 1 2 3 |  3.4
Translocations | 1 2 3 |  3.4
Transmutations | 1 2 3 |  3.4
Fire Magic     | 1 2 3 |  3.4
Ice Magic      | 1 2 3 |  3.4
Air Magic      | 1 2 3 |  3.4
Earth Magic    | 1 2 3 |  3.4
Poison Magic   | 1 2 3 |  3.4
Short Blades   | 5 6 |  6.3
Fighting       | 7 |  7.8
Armour         | 7 |  7.8
Shields        | 7 |  7.8

Action                   |  1- 3 |  4- 6 |  7- 9 || total
-------------------------+-------+-------+-------++-------
Melee: Rapier            |    98 |   165 |   239 ||   502
       Bite              |    11 |    13 |    38 ||    62
       Dagger            |    15 |       |   159 ||   174
Throw: Dart              |       |     9 |       ||     9
       Boomerang         |       |       |     2 ||     2
Invok: Purification      |       |     1 |       ||     1
       Greater Healing   |       |       |     2 ||     2
  Use: Scroll            |       |     3 |       ||     3
       Potion            |       |       |     1 ||     1
Armor: Scale mail        |    44 |    63 |   108 ||   215
Dodge: Dodged            |    22 |    38 |   106 ||   166
Block: Kite shield       |    57 |    82 |   174 ||   313
